cohdb
Replays
Latest Replays
All Replays
Popular Replays
Top Player Replays
Match Explorer
How It Works
Community
CoH3 Stats
Reddit
Sign in to upload your games and track your stats! →
Sign in with Steam
Match 42679315
Unlisted
Match 42679315
Overview
Messages
Build Orders
End
Construct Section Command Post
Vickers Machine Gun Team
Royal Engineer Section
Selects Heavy Armor Battlegroup
Infantry Section
Infantry Section
Construct Platoon Command Post
Humber Armored Car
ML 3-inch Mortar Team
Selects Rigorous Vehicle Training
ML 3-inch Mortar Team
Humber Armored Car
Selects Light Vehicle Withdraw and Refit
Selects Radio Net
Selects Forward Repair Assembly
Selects UNKNOWN (2162094)
CMP 15cwt Truck
6-pounder Anti-tank Gun Team
Infantry Section
6-pounder Anti-tank Gun Team
Selects Recon Artillery
Recon Artillery
Construct Company Command Post
Recon Artillery
Churchill IV Heavy Tank
CMP 15cwt Truck
6-pounder Anti-tank Gun Team
Churchill IV Heavy Tank
Infantry Section
CMP 15cwt Truck
Royal Engineer Section
Royal Engineer Section
Recon Artillery
Czajniczek
Dollar
Grand.G
Yu-sanava
0
0
Comments
sign in to comment!
No comments posted yet!